 Dungeon Crawl Stone Soup version 0.20.1-1-g8b1a95d (webtiles) character file.

7513 Goboxel the Cleaver (level 11, -2/99 HPs)
             Began as a Hill Orc Fighter on July 29, 2017.
             Was an Elder of the Shining One.
             Killed from afar by Fannar (42 damage)
             ... with a bolt of cold
             ... on level 10 of the Dungeon.
             The game lasted 00:15:07 (7968 turns).

Goboxel the Cleaver (Hill Orc Fighter)              Turns: 7968, Time: 00:15:08

Health: -2/99      AC: 14    Str: 23    XL:     11   Next: 16%
Magic:  15/17      EV:  9    Int:  8    God:    the Shining One [****..]
Gold:   439        SH: 22    Dex: 10    Spells: 10/10 levels left

rFire    + . .     SeeInvis .   a - +0 war axe
rCold    . . .     Gourm    .   c - +1 shield
rNeg     + + .     Faith    .   p - +3 ring mail {rF+}
rPois    .         Spirit   .   (no helmet)
rElec    .         Reflect  .   w - +0 cloak
rCorr    .         Harm     .   (no gloves)
MR       +....                  (no boots)
Stlth    ..........             (no amulet)
Regen    0.3/turn               B - +3 ring of protection
MPRegen  0.2/turn               m - ring of protection from magic

@: divine shield, hasted, glowing, very quick
A: no striking features
a: Divine Shield, Cleansing Flame, Renounce Religion


You were on level 10 of the Dungeon.
You worshipped the Shining One.
The Shining One was greatly pleased with you.
You were very hungry.

You visited 2 branches of the dungeon, and saw 11 of its levels.

You collected 439 gold pieces.

Inventory:

Hand Weapons
 a - a +0 war axe (weapon)
 k - a +2 flail of protection
 A - a +3 trident
Armour
 c - a +1 shield (worn)
 p - a +3 ring mail of fire resistance (worn)
 w - a +0 cloak (worn)
Jewellery
 m - a ring of protection from magic (right hand)
 B - a +3 ring of protection (left hand)
Wands
 t - a wand of enslavement (10/24)
 v - a wand of flame (34/48)
 D - a wand of paralysis (2/24)
 F - a wand of digging (6/24)
 H - a wand of digging (14/24)
Scrolls
 d - a scroll of blinking
 e - a scroll of fog {unknown}
 h - 5 scrolls of remove curse
 y - 4 scrolls of teleportation
 C - 3 scrolls of identify
 E - a scroll of magic mapping
Potions
 b - 2 potions of brilliance {unknown}
 i - 2 potions of mutation {unknown}
 j - 3 potions of curing
 n - a potion of ambrosia
 o - a potion of might
 q - a potion of lignification {unknown}
 r - 2 potions of heal wounds
 s - 2 potions of haste
 u - a potion of magic
 x - a potion of berserk rage {unknown}
Comestibles
 f - 9 bread rations
 g - 4 fruits
 l - 4 royal jellies
 z - 4 meat rations


   Skills:
 + Level 9.9 Fighting
 + Level 10.6 Axes
 + Level 9.1 Armour
 + Level 9.1 Shields
 + Level 8.7 Invocations


You had 10 spell levels left.
You didn't know any spells.

Dungeon Overview and Level Annotations

Branches:
Dungeon (10/15)            Temple (1/1) D:5
   Lair: D:8-11         Orc: D:9-12

Altars:
Ashenzari
Cheibriados
Fedhas
Gozag
Kikubaaqudgha
Nemelex Xobeh
Okawaru
Ru
Yredelemnul
Zin
The Shining One

Shops:
D:10 *

Annotations:
D:9 exclusion: orange crystal statue
D:10 Fannar


Message History

You hit Fannar but do no damage.
Fannar is almost dead.
You block Fannar's attack.
You barely miss Fannar.
Fannar is almost dead.
Fannar closely misses you.
You hit Fannar.
Fannar is almost dead.
You barely miss Fannar.
Fannar is almost dead.
Fannar says, "I shall freeze you to your soul!"
Fannar mumbles some strange words.
You barely miss Fannar.
Fannar is almost dead.
You hit Fannar.
Fannar is almost dead.
Fannar glares icily.
Fannar gestures at you while chanting. The bolt of cold hits you!
You die...

#.# #.# #.# #.# ## #.# .#
########'###
.####..........#
.##.'..........#####
>'..#..........'@e†#
.####..........###†Y.....
.# #..........# ##.....
.# ############ .... .#
..! ## ##


You could see Fannar and an ice beast.

Vanquished Creatures
  Erica (D:8)
  Maurice (D:8)
  Psyche (D:10)
  Grinder (D:3)
  The ghost of SlightEye the Sneak, an amateur OpAs (D:3)
  2 hippogriffs
  A spriggan (D:9)
  A hungry ghost (D:8)
  Edmund (D:4)
  Duvessa (D:6)
  2 orc warriors (D:7)
  A sky beast (D:8)
  An ice beast (D:10)
  A phantom (D:9)
  4 black bears
  9 ogres
  7 centaurs
  A necrophage (D:6)
  5 bullfrogs
  A scorpion (D:4)
  Dowan (D:6)
  9 wights
  11 killer bees
  4 howler monkeys
  4 crimson imps
  A quasit (D:8)
  A bullfrog skeleton (D:6)
  A bullfrog zombie (D:10)
  6 orc wizards
  Crazy Yiuf (D:2)
  3 hounds
  A jelly (D:7)
  7 orc priests
  2 centaur skeletons
  Terence (D:1)
  4 iguanas
  6 worker ants
  A hound skeleton (D:5)
  4 gnolls
  2 howler monkey skeletons (D:4)
  6 adders
  2 shadow imps
  An ooze (D:2)
  An adder zombie (D:5)
  6 worms
  7 leopard geckos
  18 orcs
  2 ball pythons (D:3)
  2 giant cockroaches (D:2)
  14 goblins
  7 hobgoblins
  13 jackals
  4 quokkas
  3 bats
  4 frilled lizards
  3 kobolds
  A quokka skeleton (D:8)
  7 rats
214 creatures vanquished.

Notes
Turn   | Place    | Note
-------+----------+-------------------------------------------
     0 | D:1      | Goboxel the Hill Orc Fighter began the quest for the Orb.
     0 | D:1      | Reached XP level 1. HP: 19/19 MP: 1/1
   102 | D:1      | Reached XP level 2. HP: 26/27 MP: 2/2
   202 | D:1      | Reached skill level 3 in Axes
   524 | D:1      | Reached XP level 3. HP: 32/33 MP: 3/3
   811 | D:2      | Noticed Terence
   831 | D:1      | Killed Terence
   831 | D:1      | Reached skill level 4 in Axes
   831 | D:1      | Reached XP level 4. HP: 36/40 MP: 4/4
  1041 | D:2      | Found a blossoming altar of Fedhas.
  1190 | D:2      | Found a runed door.
  1194 | D:2      | Noticed Crazy Yiuf
  1198 | D:2      | Killed Crazy Yiuf
  1198 | D:2      | Reached XP level 5. HP: 28/47 MP: 2/5
  1528 | D:2      | Found a glowing golden altar of the Shining One.
  1531 | D:2      | Became a worshipper of the Shining One
  1653 | D:2      | Reached skill level 5 in Axes
  1744 | D:2      | Found a glowing silver altar of Zin.
  1870 | D:3      | Noticed Grinder
  1913 | D:3      | Killed Grinder
  1913 | D:3      | Reached skill level 5 in Fighting
  1913 | D:3      | Reached XP level 6. HP: 10/56 MP: 6/6
  2134 | D:3      | Noticed SlightEye's ghost (amateur OpAs)
  2288 | D:3      | Found a faded altar of an unknown god.
  2453 | D:3      | Killed SlightEye's ghost
  2453 | D:3      | Reached skill level 6 in Axes
  2453 | D:3      | Reached skill level 5 in Armour
  2453 | D:3      | Reached skill level 5 in Shields
  2453 | D:3      | Reached XP level 7. HP: 46/61 MP: 7/7
  2700 | D:4      | Reached skill level 1 in Invocations
  2976 | D:4      | Found a sparkling altar of Nemelex Xobeh.
  2982 | D:4      | Found a shattered altar of Ashenzari.
  2998 | D:4      | Noticed Edmund
  3017 | D:4      | Killed Edmund
  3037 | D:5      | Entered Level 5 of the Dungeon
  3049 | D:4      | Reached XP level 8. HP: 65/70 MP: 9/9
  3057 | D:5      | Reached * piety under the Shining One
  3062 | D:5      | Reached skill level 7 in Axes
  3529 | D:5      | Found a staircase to the Ecumenical Temple.
  3581 | Temple   | Entered the Ecumenical Temple
  3912 | D:6      | Found a snail-covered altar of Cheibriados.
  3930 | D:6      | Reached skill level 8 in Axes
  3930 | D:6      | Reached XP level 9. HP: 42/79 MP: 12/12
  4162 | D:6      | Noticed Dowan
  4163 | D:6      | Noticed Duvessa
  4173 | D:6      | Killed Dowan
  4174 | D:6      | Killed Duvessa
  4174 | D:6      | Reached skill level 5 in Invocations
  4274 | D:6      | Reached ** piety under the Shining One
  4275 | D:6      | Found an iron altar of Okawaru.
  4924 | D:7      | Reached skill level 9 in Axes
  5367 | D:7      | Found an opulent altar of Gozag.
  5498 | D:7      | Reached XP level 10. HP: 23/90 MP: 14/14
  6114 | D:8      | Found a sacrificial altar of Ru.
  6114 | D:8      | Found an ancient bone altar of Kikubaaqudgha.
  6234 | D:9      | Noticed Erica
  6247 | D:8      | Killed Erica
  6272 | D:8      | Reached *** piety under the Shining One
  6446 | D:8      | Noticed Maurice
  6478 | D:8      | Killed Maurice
  6827 | D:8      | Reached skill level 10 in Axes
  7325 | D:9      | Noticed an orange crystal statue
  7478 | D:9      | Reached XP level 11. HP: 73/99 MP: 17/17
  7540 | D:10     | Entered Level 10 of the Dungeon
  7540 | D:10     | Found Habaeb's General Store.
  7585 | D:10     | Reached **** piety under the Shining One
  7842 | D:10     | Noticed Psyche
  7853 | D:10     | Killed Psyche
  7911 | D:10     | Noticed Fannar
  7968 | D:10     | Killed from afar by Fannar

Skill      XL: |  1  2  3  4  5  6  7  8  9 10 11 |
---------------+----------------------------------+-----
Axes           | 3 4 5 6 8 9 10 | 10.6
Fighting       | 4 5 6 7 8 9 |  9.9
Shields        | 4 5 6 7 8 9 |  9.1
Armour         | 4 5 6 7 8 9 |  9.1
Invocations    | 2 4 6 8 |  8.7

Action                   |  1- 3 |  4- 6 |  7- 9 | 10-12 || total
-------------------------+-------+-------+-------+-------++-------
Melee: War axe           |    98 |   185 |   279 |   290 ||   852
       Flail             |       |       |     5 |       ||     5
       Trident           |       |       |       |    20 ||    20
Invok: Divine Shield     |       |       |       |     1 ||     1
Evoke: Wand              |       |     4 |       |     6 ||    10
  Use: Scroll            |       |     6 |       |    10 ||    16
       Potion            |       |     1 |       |     2 ||     3
  Eat: Chunk             |       |     5 |     9 |     6 ||    20
       Fruit             |       |     1 |       |     2 ||     3
       Royal jelly       |       |       |       |     1 ||     1
Armor: Plate armour      |    61 |   126 |    54 |       ||   241
       Scale mail        |     2 |       |       |       ||     2
       Ring mail         |       |       |   100 |   142 ||   242
Dodge: Dodged            |    14 |    28 |    81 |   106 ||   229
Block: Shield            |    46 |   101 |   145 |   225 ||   517
